 Dungeon Crawl Stone Soup version 0.29-a0-1065-g47a6bb87d6 (webtiles) character file.

Game seed: 11296597723963238399

4 drugrobin the Sneak (level 1, -6/18 HPs)
             Began as a Demigod Delver on Aug 18, 2022.
             Mangled by a water moccasin zombie (7 damage)
             ... in an ossuary.
             The game lasted 00:00:47 (232 turns).

drugrobin the Sneak (Demigod Delver)                 Turns: 232, Time: 00:00:47

Health: -6/18      AC:  3    Str: 13    XL:     1   Next: 40%
Magic:  1/1        EV: 11    Int: 12    God:
Gold:   0          SH:  0    Dex: 15    Spells: 0/0 levels left

rFire   . . .      SeeInvis .   a - +0 war axe (antimagic)
rCold   . . .      Faith    .   (no shield)
rNeg    . . .      Spirit   .   b - +0 leather armour
rPois   .          Reflect  .   (no helmet)
rElec   .          Harm     .   (no cloak)
rCorr   .          Rampage  .   (no gloves)
Will    .....                   (no boots)
Stlth   +++.......              (no amulet)
HPRegen 0.06/turn               (no ring)
MPRegen 0.07/turn               (no ring)

@: no status effects
A: high MP 1, forlorn, divine attributes
a: no special abilities


You were in an ossuary.
You visited 1 branch of the dungeon, and saw 2 of its levels.
You also visited: Ossuary.

Inventory:

Hand Weapons
 a - a +0 antimagic war axe (weapon)
 d - a +0 hand axe
Armour
 b - a +0 leather armour (worn)
Wands
 g - a wand of digging (3)
Scrolls
 c - a scroll of fog
 e - a scroll of fear
 h - a scroll of acquirement {unknown}


   Skills:
 - Level 2.6 Fighting
 + Level 2.1 Axes
 - Level 1.7 Dodging
 - Level 4.5 Stealth


You couldn't memorise any spells.
You didn't know any spells.
Your spell library was empty.

Dungeon Overview and Level Annotations

Branches:
Dungeon (6/15)            Ossuary (1/1)
 Temple: D:4-7


Innate Abilities, Weirdness & Mutations

You have an increased reservoir of magic. (+10% MP)
You shall have no god before yourself.
Your divine heritage dramatically boosts your attributes as you level up.


Message History

An adder zombie comes into view.
Found a gate leading back out of this place.
Unknown command.
There is an open door here.
Unknown command.
Unknown command.
The helpless adder zombie fails to defend itself.
You hit the adder zombie.
The adder zombie is lightly damaged.
The adder zombie bites you but does no damage. x2
You hit the adder zombie.
The adder zombie is moderately damaged.
The adder zombie barely misses you.
You slash the adder zombie!
The adder zombie is almost destroyed.
The adder zombie bites you. The adder zombie closely misses you.
You hit the adder zombie.
You destroy the adder zombie!
Your Axes skill increases to level 2!
HP restored.
As you open the door, it creaks loudly!
Unknown command.
Unknown command.
There is an open door here.
Okay, then.
You open the door.
A hobgoblin zombie, 2 gnoll zombies and a water moccasin zombie come into view.
Unknown command.
There is an open door here.
You barely miss the water moccasin zombie.
The water moccasin zombie closely misses you.
You hit the water moccasin zombie.
The water moccasin zombie is lightly damaged.
The water moccasin zombie bites you. x2
You closely miss the water moccasin zombie.
The water moccasin zombie is lightly damaged.
The water moccasin zombie bites you.
* * * LOW HITPOINT WARNING * * *
The water moccasin zombie bites you!
You die...

#...# ...
##'## #...#
#...# #...#
#.Z.# ##Z##
#.@.#
#...##### ###
#...#...#?!!!#
#...'.∩.#!)[?+
#∩..#...#??!!#
######### ###


You could see a water moccasin zombie and a gnoll zombie.

Vanquished Creatures
  An adder zombie (Ossuary)
1 creature vanquished.

Notes
Turn   | Place    | Note
-------+----------+-------------------------------------------
     0 | D:5      | drugrobin the Demigod Delver began the quest for the Orb.
     0 | D:5      | Reached XP level 1. HP: 18/18 MP: 3/3
     3 | D:5      | Noticed an iguana
    20 | D:6      | Noticed a water moccasin
    40 | D:6      | Noticed a hound
    48 | D:6      | Noticed a jelly
    53 | D:6      | Found a sand-covered staircase.
    58 | Ossuary  | Entered an ossuary
   224 | Ossuary  | Noticed a water moccasin zombie
   232 | Ossuary  | Mangled by a water moccasin zombie

Illustrated notes

Levels and vault maps discovered:
D:5:      layout_loops_ring, nicolae_overflow_crystal_walls,
          pf_guarded_unrand_meek, uniq_eustachio
D:6:      layout_rooms, enter_ossuary_5
Ossuary:  ossuary_tomb_2

Skill      XL: |  1 |
---------------+----+-----
Axes           | 2 |  2.1
Fighting       | |  2.6
Dodging        | |  1.7
Stealth        | |  4.5

Action                   || total
-------------------------++-------
Melee: War axe           ||     7
  Use: Scroll            ||     1
       Potion            ||     1
 Stab: Sleeping          ||     1
Armor: Leather armour    ||     5
Dodge: Dodged            ||    19

Table legend: (Time is in decaauts)
 A = Elapsed time spent in this place.
 B = Non-inter-level travel time spent in this place.
 C = Inter-level travel time spent in this place.
 D = Time resting spent in this place.
 E = Time spent auto-exploring this place.
 F = Levels seen in this place.
 G = Mean time per level.
                   A        B        C        D        E       F      G
               +--------+--------+--------+--------+--------+-----+--------+
         Total |    217 |    217 |      0 |    124 |     24 |   3 |   72.3 |
       Dungeon |     46 |     46 |      0 |      0 |      3 |   2 |   23.0 |
       Ossuary |    171 |    171 |      0 |    124 |     21 |   1 |  171.0 |
               +--------+--------+--------+--------+--------+-----+--------+

Top non-repeatable levels by time:
 Ossuary: 171 daAuts
     D:6: 26 daAuts
     D:5: 20 daAuts
